[Event "Rodostosah GM 2019"]
[Site "Tekirdag"]
[Date "2019.02.16"]
[Round "10.2"]
[White "Pikula, Dejan"]
[Black "Kamer, Kayra"]
[Result "1/2-1/2"]
[ECO "A45"]
[WhiteElo "2477"]
[BlackElo "2419"]
[Annotator "RC"]
[PlyCount "104"]
[EventDate "2019.02.08"]
[EventType "schev"]
[EventCountry "TUR"]
[SourceTitle "playchess.com"]
[Source "ChessBase"]
[SourceQuality "1"]
[TimeControl "5400+30"]

1. d4 Nf6 2. Bf4 g6 3. Nc3 d5 4. e3 Bg7 5. h4 h5 6. Nf3 Bg4 7. Be2 c6 8. Ne5 Bxe2 9. Qxe2 Nbd7 10. O-O-O Qa5 11. Kb1 Nxe5 12. Bxe5 b5 13. Qf3 b4 14. Ne2 Qb5 15. Nf4 a5 16. Bxf6 Bxf6 17. Nd3 a4 18. b3 axb3 19. cxb3 Ra3 20. Rd2 O-O 21. Qe2 Rfa8 22. f4 Qa5 23. Rb2 e6 24. g3 Be7 25. Rc1 Ra6 26. Nc5 Bxc5 27. Rxc5 Qb6 28. g4 hxg4 29. Qxg4 R6a5 30. h5 Rxc5 31. hxg6 Qb5 32. gxf7+ Kxf7 33. Qh5+ Ke7 34. Qh7+ Kd6 35. dxc5+ Qxc5 36. Qb7 Qb5 37. Qxb5 cxb5 38. Kc2 Ra8 39. Kd3 Rc8 40. Rh2 Rc3+ 41. Kd2 d4 42. exd4 Rf3 43. Rh5 Rxf4 44. Ke3 Rf5 45. Rxf5 exf5 46. Kf4 Kd5 47. Kxf5 Kxd4 48. Ke6 Kc3 49. Kd5 Kb2 50. Kc5 Kxa2 51. Kxb4 Kb2 52. Kxb5 Kxb3 1/2-1/2

[Event "Rodostosah GM 2019"]
[Site "Tekirdag"]
[Date "2019.02.16"]
[Round "10.4"]
[White "Lajthajm, Borko"]
[Black "Can, Isik"]
[Result "1/2-1/2"]
[ECO "B15"]
[WhiteElo "2431"]
[BlackElo "2382"]
[Annotator "NA"]
[PlyCount "114"]
[EventDate "2019.02.08"]
[EventType "schev"]
[EventCountry "TUR"]
[SourceTitle "playchess.com"]
[Source "ChessBase"]
[SourceQuality "1"]
[TimeControl "5400+30"]

1. e4 c6 2. d4 d5 3. f3 g6 4. Nc3 Bg7 5. Be3 Qb6 6. a3 {LiveBook: 14 Games B15: Caro-Kann: 3 Nc3: 3...g6 and 3...dxe4 4 Nxe4 Nf6 5 Nxf6+ exf6} (6. Qd2 Qxb2 7. Rb1 Qa3 8. exd5 Nf6 9. dxc6 bxc6 10. Bd3 O-O 11. Nge2 Nbd7 12. O-O Ba6 13. Rb3 Qa5 14. Ne4 Qxd2 15. Bxd2 Bxd3 16. cxd3 {½-½ (27) Najer,E (2706)-Rozum,I (2573) Sochi 2017}) 6... dxe4 (6... e5 $11) 7. fxe4 e5 8. Nf3 Bg4 9. Bc4 exd4 $1 $146 ({Predecessor:} 9... Qc7 10. d5 Nh6 11. Qd2 Bxf3 12. gxf3 Ng8 13. O-O-O Nf6 14. dxc6 bxc6 {½-½ (31) Lappage,J (2208)-Georghiou,P (2258) Basingstoke 2001}) 10. Bxd4 Bxd4 11. Qxd4 Qxd4 12. Nxd4 Nd7 13. h3 Ne5 14. Bb3 Rd8 15. Nxc6 bxc6 16. hxg4 Nxg4 17. Ba4 Ne5 18. Nd5 Kf8 19. Nb4 Ne7 20. Rd1 Kg7 21. O-O g5 22. Nd3 N7g6 23. b4 h5 24. Bb3 h4 25. a4 h3 26. gxh3 Rxh3 27. Nxe5 Rxd1 28. Rxd1 Nxe5 29. b5 cxb5 30. axb5 g4 31. Ra1 Nf3+ 32. Kf2 Nh4 33. Rg1 $11 ({Avoid the trap} 33. Rxa7 $2 g3+ 34. Ke2 Rh2+ 35. Kd3 g2 $19) 33... Rf3+ 34. Ke2 g3 35. e5 Rf2+ 36. Ke3 Rf3+ 37. Ke2 Kf8 38. e6 f5 39. Bd5 Rf2+ 40. Kd3 g2 41. Bxg2 Rxg2 42. Ra1 Rg7 43. c4 Rc7 44. Kd4 Ng6 45. c5 Ke7 46. b6 axb6 47. cxb6 Rc8 48. Kd5 Rd8+ 49. Kc6 Rd6+ 50. Kb5 Ne5 51. b7 Rd5+ 52. Kb6 Rd6+ 53. Kc5 Kxe6 54. Re1 Rd8 55. Kb6 f4 56. Kc7 Rd7+ 57. Kc8 Rxb7 1/2-1/2